 Dungeon Crawl Stone Soup version 0.31-a0-819-gf6de2f5ab6 (webtiles) character file.

Game seed: 14599091966547519796

582 qw the Shooter (level 7, -6/44 HPs)
             Began as a Gargoyle Hunter on Sept 23, 2023.
             Mangled by Prince Ribbit (11 damage)
             ... on level 5 of the Dungeon.
             The game lasted 00:01:22 (2800 turns).

qw the Shooter (Gargoyle Hunter)                    Turns: 2800, Time: 00:01:23

Health: -6/44      AC: 12    Str: 15    XL:     7   Next: 36%
Magic:  7/7        EV: 11    Int:  9    God:
Gold:   278        SH:  0    Dex: 15    Spells: 6/6 levels left

rFire   . . .        Y - +0 shortbow
rCold   . . .        (shield currently unavailable)
rNeg    + . .        j - +0 ring mail
rPois   inf          i - +0 helmet
rElec   +            d - scarf {repulsion}
rCorr   .            (no gloves)
SInv    .            h - +0 pair of boots
Will    .....        f - amulet of regeneration
Stlth   +            (no ring)
HPRegen 1.07/turn    (no ring)
MPRegen 0.10/turn

%: repel missiles
@: no status effects
A: sickness immunity, AC +4, negative energy resistance 1, electricity
resistance, torment resistance 1, petrification resistance
a: no special abilities


You were on level 5 of the Dungeon.
You visited 2 branches of the dungeon, and saw 6 of its levels.

You collected 278 gold pieces.


Innate Abilities, Weirdness & Mutations

You are immune to sickness and miasma.
Your stone body is resilient. (AC +4)
You are immune to poison.
You resist negative energy. (rN+)
You are resistant to electric shocks. (rElec)
You are resistant to unholy torment.
You are immune to petrification.


   Skills:
 - Level 4.6 Fighting
 + Level 7.5 Ranged Weapons
 - Level 2.0 Armour
 - Level 1.5 Dodging
 - Level 1.1 Stealth


You had 6 spell levels left.
You didn't know any spells.
Your spell library was empty.

Inventory:

Hand Weapons
 Y - a +0 shortbow (weapon)
Armour
 d - a scarf of repulsion (worn)
 h - a +0 pair of boots (worn)
 i - a +0 helmet (worn)
 j - a +0 ring mail (worn)
 k - a +0 cloak
Jewellery
 f - an amulet of regeneration (around neck)
Scrolls
 b - a scroll of identify
Potions
 a - a potion of heal wounds {unknown}
 e - a potion of attraction {unknown}
 g - 3 potions of curing

Dungeon Overview and Level Annotations

Branches:
Dungeon (5/15)             Temple (1/1) D:4

Altars:
Ashenzari
Elyvilon
Gozag
Makhleb
Nemelex Xobeh
Qazlal
Ru
Uskayaw
Vehumet
Wu Jian
Xom
Yredelemnul
The Shining One

Shops:
D:2 :

Annotations:
D:5 Prince Ribbit


Message History

Enter note:
2785 |||
Found retreat position at 2,4 (floor) with 0 blocking monsters and 1 monsters attacking at destination at distance 6
2785 ||| STILL RETREEAATING.
You shoot an arrow. The arrow barely misses Prince Ribbit.
You shoot an arrow. The arrow misses Prince Ribbit.
You shoot an arrow. The arrow hits Prince Ribbit.
Prince Ribbit is heavily wounded.
Prince Ribbit hits you!
Prince Ribbit blinks!
You start resting.
An orc comes into view. It is wielding a +0 flail.
You shoot an arrow. The arrow barely misses Prince Ribbit.
You shoot an arrow. The arrow closely misses Prince Ribbit.
Prince Ribbit closely misses you.
You shoot an arrow. The arrow misses Prince Ribbit.
Prince Ribbit misses you. Prince Ribbit hits you.
You shoot an arrow. The arrow closely misses Prince Ribbit.
Prince Ribbit hits you. Prince Ribbit misses you.
You shoot an arrow. The arrow closely misses Prince Ribbit.
Prince Ribbit hits you!
You shoot an arrow. The arrow hits Prince Ribbit.
Prince Ribbit is heavily wounded.
Prince Ribbit hits you!
Prince Ribbit lets out a mournful croak.
Prince Ribbit hits you!
You shoot an arrow. The arrow hits Prince Ribbit!
Prince Ribbit is severely wounded.
The orc closely misses you.
Prince Ribbit blinks!
The orc hits you with a +0 flail.
You shoot an arrow.
The arrow hits the orc but does no damage.
The orc hits you with a +0 flail.
You shoot an arrow. The arrow hits the orc.
The orc is almost dead.
The orc misses you.
You shoot an arrow. The arrow hits the orc.
You kill the orc!
Prince Ribbit barely misses you.
You shoot an arrow. The arrow closely misses Prince Ribbit.
Prince Ribbit hits you. Prince Ribbit hits you!
You die...

..#o###. # ...... .#
#####.... .###
.......#[.... ..
#.......... ...
###.#........ #
...###......#..... .
.........#### .## #.#.
###..)@.# ##.#.
##.....F## #.# #..#.
........####....# #.#..
.............# ##....
.........##### #...#.
.........# ###.<.#.
.........########.......
....................###.
.).......#########.## #.


You could see Prince Ribbit.

Vanquished Creatures
  A black bear (D:5)
  2 scorpions (D:4)
  2 hounds (D:4)
  An orc priest (D:4)
  Terence (D:2)
  An iguana (D:4)
  2 orc wizards (D:4)
  4 gnolls (D:3)
  6 adders
  A white imp (D:5)
  3 worms (D:3)
  A dart slug (D:1)
  9 orcs
  5 ball pythons
  5 bats
  4 endoplasms
  9 goblins
  8 hobgoblins
  2 jackals (D:1)
  3 quokkas
  5 frilled lizards
  5 kobolds
  5 rats
85 creatures vanquished.

Notes
Turn   | Place    | Note
-------+----------+-------------------------------------------
     0 | D:1      | qw the Gargoyle Hunter began the quest for the Orb.
     0 | D:1      | Reached XP level 1. HP: 12/12 MP: 1/1
     0 | D:1      | 0 ||| qw: Version: 0.3-a-83-gcd0e7d8
     0 | D:1      | 0 ||| qw: Game counter: 1403
     0 | D:1      | 0 ||| qw: Melee chars always use a shield: true
     0 | D:1      | 0 ||| qw: God list: Okawaru
     0 | D:1      | 0 ||| qw: Allow faded altars: false
     0 | D:1      | 0 ||| qw: Do Orc after clearing Dungeon:15 true
     0 | D:1      | 0 ||| qw: Do second Lair branch before Depths: true
     0 | D:1      | 0 ||| qw: Lair rune preference: random
     0 | D:1      | 0 ||| qw: Goals: Normal
     0 | D:1      | 0 ||| PLANNING D:1-11
   115 | D:1      | Reached XP level 2. HP: 17/17 MP: 2/2
   371 | D:1      | Reached XP level 3. HP: 21/21 MP: 3/3
   378 | D:1      | Reached skill level 5 in Ranged Weapons
   640 | D:1      | 640 ||| UPGRADING to scarf of repulsion.
   645 | D:1      | 645 ||| READING scroll labelled UROEMA WEONU.
   646 | D:1      | 646 ||| DROPPING scroll of butterflies.
   759 | D:2      | Reached skill level 3 in Fighting
   803 | D:2      | Found a faded altar of an unknown god.
   804 | D:2      | Found Gemono's Book Boutique.
   908 | D:2      | Reached XP level 4. HP: 27/28 MP: 4/4
  1217 | D:2      | Noticed Terence
  1221 | D:2      | Killed Terence
  1291 | D:2      | 1291 ||| UPGRADING to +0 pair of boots.
  1296 | D:2      | 1296 ||| UPGRADING to +0 ring mail.
  1306 | D:2      | 1306 ||| DROPPING +0 leather armour.
  1307 | D:2      | 1307 ||| UPGRADING to amulet of regeneration.
  1312 | D:2      | 1312 ||| READING scroll labelled MIZXIY WEDWYRCH.
  1313 | D:2      | 1313 ||| READING scroll labelled JIBYXO ESHRYQ.
  1314 | D:2      | 1314 ||| READING scroll labelled NODGHI MESAXECADA.
  1532 | D:3      | Reached skill level 1 in Armour
  1600 | D:3      | Reached XP level 5. HP: 32/32 MP: 5/5
  1688 | D:3      | Reached skill level 6 in Ranged Weapons
  1688 | D:3      | 1688 ||| FLEEEEING.
  2095 | D:3      | 2095 ||| UPGRADING to +0 helmet.
  2100 | D:3      | 2100 ||| READING 2 scrolls labelled CUCKIJ WUCK.
  2101 | D:3      | 2101 ||| READING scroll labelled XONILE XYTSYSIOS.
  2102 | D:3      | 2102 ||| DROPPING scroll of fear.
  2166 | D:4      | 2166 ||| DRINKING 3 fuming coppery potions.
  2188 | D:4      | Reached XP level 6. HP: 39/39 MP: 6/6
  2291 | D:4      | Found a radiant altar of Vehumet.
  2416 | D:4      | Reached skill level 7 in Ranged Weapons
  2421 | D:4      | Reached XP level 7. HP: 43/44 MP: 7/7
  2602 | D:4      | Found a staircase to the Ecumenical Temple.
  2603 | D:4      | 2603 ||| PLANNING TEMPLE
  2622 | Temple   | Entered the Ecumenical Temple
  2623 | Temple   | 2623 ||| PLANNING D:1-11
  2687 | D:5      | Entered Level 5 of the Dungeon
  2690 | D:5      | 2690 ||| STAIRDANCE
  2762 | D:5      | Noticed Prince Ribbit
  2776 | D:5      | 2776 ||| RETREEAATING.
  2784 | D:5      | 2784 ||| STILL RETREEAATING.
  2785 | D:5      | 2785 ||| STILL RETREEAATING.
  2795 | D:5      | HP: 8/44 [Prince Ribbit (9)]
  2800 | D:5      | HP: 5/44 [Prince Ribbit (6)]
  2800 | D:5      | Mangled by Prince Ribbit

Levels and vault maps discovered:
D:1:      dpeg_arrival_line_fractal, layout_basic
D:2:      layout_basic, serial_shops, nicolae_shop_trees,
          shapermc_ecumenical_altar_mp_highgroup, uniq_terence
D:3:      layout_loops_ring, minmay_circle_x
D:4:      layout_rooms, lemuel_doored_altar, temple_hall,
          nicolae_kite_square_tiling_tiny,
          nicolae_concentric_dashed_squares_mild
D:5:      layout_rooms, ebering_ghost_sewer_d, hangedman_minor_gate_pass,
          uniq_edmund, uniq_prince_ribbit1
Temple:   nicolae_temple_x_marks_the_god

Skill      XL: |  1  2  3  4  5  6  7 |
---------------+----------------------+-----
Ranged Weapons | 5 6 7 |  7.5
Fighting       | 3 4 |  4.6
Armour         | 1 2 |  2.0
Dodging        | |  1.5
Stealth        | |  1.1

Action                     |  1- 3 |  4- 6 |  7- 9 || total
---------------------------+-------+-------+-------++-------
   Fire: Shortbow          |   112 |   184 |    85 ||   381
    Use: Scroll            |     1 |     5 |       ||     6
         Potion            |       |     1 |       ||     1
 Armour: Leather armour    |    25 |     2 |       ||    27
         Ring mail         |       |    81 |    44 ||   125
  Dodge: Dodged            |    25 |    83 |    40 ||   148
         Repelled          |       |     1 |     1 ||     2

Table legend:
 A = Non-vault XP
 B = Vault XP
 C = Vault XP percentage of total XP
 D = Non-vault monster count
 E = Vault monster count
 F = Vault count percentage of total count
                 A         B        C        D         E       F
            +---------+---------+-------+---------+---------+-------
      Total |     784 |      48 |   5.8 |      80 |       5 |   5.9
            +---------+---------+-------+---------+---------+-------
        D:1 |      40 |       0 |   0.0 |      22 |       0 |   0.0
        D:2 |      53 |      36 |  40.4 |      11 |       1 |   8.3
        D:3 |      90 |      12 |  11.8 |      20 |       4 |  16.7
        D:4 |     460 |       0 |   0.0 |      22 |       0 |   0.0
        D:5 |     141 |       0 |   0.0 |       5 |       0 |   0.0
            +---------+---------+-------+---------+---------+-------
